 Dungeon Crawl Stone Soup version 0.19-a0-1100-g56b2fe9 (webtiles) character file.

337 Jmtri7 the Basher (level 6, -19/62 HPs)
             Began as an Ogre Berserker on Aug 8, 2016.
             Was a Priest of Trog.
             Killed from afar by ProzacElf's ghost (23 damage)
             ... with a stone arrow
             ... on level 4 of the Dungeon.
             The game lasted 00:07:48 (2999 turns).

Jmtri7 the Basher (Ogre Berserker)                  Turns: 2999, Time: 00:07:49

Health: -19/62     AC:  4    Str: 25    XL:     6   Next: 54%
Magic:  6/6        EV: 10    Int:  6    God:    Trog [***...]
Gold:   176        SH:  0    Dex:  9    Spells: 0 memorised, 5 levels left

rFire  . . .     SeeInvis .     a - +0 mace
rCold  . . .     Gourm    .     h - +0 robe (curse)
rNeg   . . .     Faith    .     (no shield)
rPois  .         Spirit   .     (helmet restricted)
rElec  .         Dismiss  .     b - +0 cloak
rCorr  .         Reflect  .     (gloves unavailable)
SustAt .         Harm     .     (boots unavailable)
MR     .....                    (no amulet)
Stlth  +.........               (no ring)
                                (no ring)

@: exhausted, slowed, very slow
A: unfitting armour, tough skin 1
a: Berserk, Trog's Hand, Burn Spellbooks, Renounce Religion


You were on level 4 of the Dungeon.
You worshipped Trog.
Trog was most pleased with you.
You were hungry.

You visited 1 branch of the dungeon, and saw 4 of its levels.

You collected 176 gold pieces.

Inventory:

Hand Weapons
 a - a +0 mace (weapon)
Armour
 b - a +0 cloak (worn)
 h - a cursed +0 robe (worn)
Wands
 p - a wand of disintegration (9/24)
Scrolls
 e - 4 scrolls of identify {unknown}
 i - 2 scrolls of magic mapping {unknown}
 l - a scroll of remove curse {unknown}
 n - a scroll of immolation {unknown}
 o - a scroll of fear {unknown}
Potions
 d - 2 potions of curing {unknown}
 j - a potion of mutation {unknown}
 k - a potion of degeneration {unknown}
 q - a potion of cancellation {unknown}
Comestibles
 c - a bread ration
 f - a beef jerky
 g - a meat ration
 m - 7 chunks of flesh


   Skills:
 - Level 4.0 Fighting
 + Level 9.4 Maces & Flails
 - Level 2.6 Dodging


You had 5 spell levels left.
You didn't know any spells.

Dungeon Overview and Level Annotations

Branches:
Dungeon (4/15)
 Temple: D:4-7

Altars:
Cheibriados
Nemelex Xobeh
Qazlal
Trog

Annotations:
D:4 ProzacElf's ghost, novice FoEE


Innate Abilities, Weirdness & Mutations

You are too large for most types of armour.
You have tough skin. (AC +1)


Message History

You are electrocuted!
* * * LOW HITPOINT WARNING * * *
You sock ProzacElf's ghost!
ProzacElf's ghost is almost destroyed.
ProzacElf's ghost hits you.
* * * LOW HITPOINT WARNING * * *
You are electrocuted!
* * * LOW HITPOINT WARNING * * *
You hit ProzacElf's ghost.
ProzacElf's ghost is almost destroyed.
You are no longer berserk.
You are exhausted.
You feel yourself slow down.
You are feeling hungry.
You closely miss ProzacElf's ghost.
ProzacElf's ghost is almost destroyed.
ProzacElf's ghost hits you but does no damage.
ProzacElf's ghost points at you and mumbles some strange words.
The stone arrow hits you!
You die...

#...............#
#...............#
####...##'###...#
####...##..# #+#
.........(.#
###.......#
#.......#
#).$.$..+
#@#.###.#
.._...W..+# .#
......#.... ..
......#.........
..... #.##....#+#
##.## #.. ###..
... ... . .. ...


You could see ProzacElf's ghost.

Vanquished Creatures
  A centaur (D:4)
  A scorpion (D:3)
  A howler monkey (D:4)
  An orc wizard (D:4)
  An orc priest (D:4)
  A worker ant (D:4)
  6 worms
  A dart slug (D:1)
  A giant gecko (D:2)
  7 orcs
  2 ball pythons
  8 bats
  4 giant cockroaches
  12 goblins
  6 hobgoblins
  3 giant newts
  6 kobolds
  4 rats
66 creatures vanquished.

Notes
Turn   | Place    | Note
-------+----------+-------------------------------------------
     0 | D:1      | Jmtri7 the Ogre Berserker began the quest for the Orb.
     0 | D:1      | Reached XP level 1. HP: 24/24 MP: 1/1
   180 | D:1      | Reached XP level 2. HP: 19/32 MP: 2/2
   338 | D:1      | Reached skill level 5 in Maces & Flails
   636 | D:1      | Reached XP level 3. HP: 39/39 MP: 3/3
   944 | D:2      | Found a snail-covered altar of Cheibriados.
  1096 | D:2      | Reached ** piety under Trog
  1380 | D:2      | Reached skill level 6 in Maces & Flails
  1887 | D:2      | Reached XP level 4. HP: 46/48 MP: 4/4
  2130 | D:3      | Found a bloodstained altar of Trog.
  2192 | D:3      | Found a stormy altar of Qazlal.
  2421 | D:3      | Reached skill level 7 in Maces & Flails
  2421 | D:3      | Reached XP level 5. HP: 34/54 MP: 5/5
  2897 | D:4      | Noticed a centaur
  2908 | D:4      | Killed a centaur
  2908 | D:4      | Reached skill level 8 in Maces & Flails
  2908 | D:4      | Reached XP level 6. HP: 62/62 MP: 6/6
  2912 | D:4      | Reached *** piety under Trog
  2912 | D:4      | Reached skill level 9 in Maces & Flails
  2984 | D:4      | Noticed ProzacElf's ghost (novice FoEE)
  2991 | D:4      | Found a sparkling altar of Nemelex Xobeh.
  2997 | D:4      | HP: 4/93 [ProzacElf's ghost (8)]
  2999 | D:4      | Killed from afar by ProzacElf's ghost

Vault maps used:
D:1:      kennysheep_arrival_forest
D:2:      cheibriados_altar_1
D:3:      grunt_qazlal_clouds, bloody_trog
D:4:      regret_index_temple_of_mockery, lemuel_tele_altar

Skill      XL: |  1  2  3  4  5  6 |
---------------+-------------------+-----
Maces & Flails | 5 6 7 8 9 |  9.4
Fighting       | |  4.0
Dodging        | |  2.6

Action                   |  1- 3 |  4- 6 || total
-------------------------+-------+-------++-------
Melee: Mace              |   126 |    83 ||   209
Invok: Berserk           |       |     3 ||     3
 Stab: Sleeping          |       |     1 ||     1
  Eat: Chunk             |     3 |     6 ||     9
Armor: Animal skin       |    37 |       ||    37
       Robe              |       |    37 ||    37
Dodge: Dodged            |    69 |    55 ||   124
